 Dungeon Crawl Stone Soup version 0.13.0-25-g43d4df3 (webtiles) character file.

232612 MirrMurr the Imperceptible (level 18, -9/74 HPs)
             Began as a Spriggan Enchanter on Oct 26, 2013.
             Was the Champion of Ashenzari.
             Killed from afar by a deep elf annihilator (61 damage)
             ... with an iron shot
             ... led by a deep elf high priest
             ... on Level 3 of the Elven Halls on Oct 27, 2013.
             The game lasted 04:36:52 (44366 turns).

MirrMurr the Imperceptible (Spriggan Enchanter)    Turns: 44366, Time: 04:36:53

HP  -9/74        AC  6     Str  9      XL: 18   Next: 74%
MP  34/40        EV 29     Int 20      God: Ashenzari [******]
Gold 2920        SH 23     Dex 20      Spells: 14 memorised,  4 levels left

Res.Fire  : + . .   See Invis. : +   a - +4 orc dagger (venom) (curse)
Res.Cold  : + . .   Warding    : +   V - +0 troll leather armour (curse)
Life Prot.: + + .   Conserve   : +   N - +3 dwarf buckler (curse)
Res.Poison: .       Res.Corr.  : +   b - +1 wizard hat {Int+3} (curse)
Res.Elec. : .       Clarity    : +   n - +0 cloak {rCorr, Cons} (curse)
Sust.Abil.: . .     Spirit.Shd : .   (gloves unavailable)
Res.Mut.  : .       Stasis     : .   (boots unavailable)
Res.Rott. : .       Flight     : .   c - cursed amulet of warding
Saprovore : . . .                    D - cursed ring of protection from fire
                                     r - cursed ring "Psoeloew" {rC+ rN+ Dex+1}

@: invisible, very slightly contaminated, very quick, extremely resistant to
hostile enchantments, uncannily stealthy
A: unfitting armour, see invisible, herbivore 3, speed 3, slow metabolism 2
a: Scrying, Transfer Knowledge, Renounce Religion
}: 1/15 runes: barnacled


You were on level 3 of the Elven Halls.
You worshipped Ashenzari.
Ashenzari was exalted by your worship.
You were not hungry.

You visited 6 branches of the dungeon, and saw 42 of its levels.
You also visited: Volcano.

You collected 3993 gold pieces.
You spent 1093 gold pieces at shops.

Inventory:

Hand weapons
 a - a cursed +4,+4 orcish dagger of venom (weapon)
 o - the cursed -2,+2 scimitar of the Scavenger {flame, rPois}
   (You bought it in a shop on level 2 of the Elven Halls)

   It emits flame when wielded, causing extra injury to most foes and up to
   double damage against particularly susceptible opponents.
   Big, fiery blades are also staple armaments of hydra-hunters.
   It protects you from poison.
   It has a curse placed upon it.
Missiles
 d - 5 darts (quivered)
Armour
 b - a cursed +1 wizard hat of intelligence (worn)
 n - a cursed +0 cloak of preservation (worn)
 N - a cursed +3 dwarven buckler (worn)
 V - a cursed +0 troll leather armour (worn)
Magical devices
 g - a wand of hasting (3)
 m - a wand of disintegration (11)
 v - a wand of digging (8)
 x - a wand of heal wounds (7)
 O - a wand of teleportation (4)
Comestibles
 i - a bread ration
Scrolls
 q - 4 scrolls of recharging
 t - 7 scrolls of identify
 y - 5 scrolls of remove curse
 A - a scroll of fog {unknown}
 B - a scroll of curse armour
 I - 3 scrolls of teleportation
 J - 2 scrolls of magic mapping
 L - 4 scrolls of fear
Jewellery
 c - a cursed amulet of warding (around neck)
 f - an uncursed ring of wizardry
 l - a +1 ring of strength
 r - the cursed ring "Psoeloew" (left hand) {rC+ rN+ Dex+1}
   (You bought it in a shop on level 4 of the Orcish Mines)

   [ring of dexterity]

   It affects your dexterity (+1).
   It protects you from cold.
   It protects you from negative energy.
   It has a curse placed upon it.
 z - an uncursed amulet of resist mutation
 D - a cursed ring of protection from fire (right hand)
 M - an uncursed amulet of resist mutation
Potions
 e - a potion of porridge
 h - 2 potions of restore abilities
 j - 6 potions of curing
 k - 2 potions of speed
 s - 4 potions of heal wounds
 w - a potion of flight
 C - a potion of brilliance
 H - a potion of invisibility
 P - 2 potions of agility
Books
 p - a book of Fire

   Spells                             Type                      Level
   Fire Brand                         Charms/Fire                  2
   Ignite Poison                      Fire/Transmutation           5
   Fireball                           Conjuration/Fire             5
   Bolt of Fire                       Conjuration/Fire             6
   Delayed Fireball                   Conjuration/Fire             7
   Ring of Flames                     Charms/Fire                  7
Miscellaneous
 u - a crystal ball of energy


   Skills:
 - Level 6.1(10.6) Short Blades
 - Level 1.1 Throwing
 - Level 10.0(14.3) Dodging
 + Level 24.4(27) Stealth
 - Level 7.7(10.7) Shields
 + Level 14.6 Spellcasting
 * Level 9.2(13.5) Conjurations
 - Level 13.0(17.1) Hexes
 + Level 12.3(16.4) Charms
   Level 6.6(11.1) Transmutations
 * Level 10.2(14.5) Earth Magic
 - Level 6.1(10.6) Evocations


You had 4 spell levels left.
You knew the following spells:

 Your Spells              Type           Power        Failure   Level  Hunger
a - Ensorcelled Hibernat  Hex/Ice        #####.       1%          2    None
b - Confuse               Hex            ######..     0%          3    None
c - Bolt of Magma         Conj/Fire/Erth ######....   2%          5    ##.....
d - Dig                   Erth           ######..     1%          4    None
e - Iron Shot             Conj/Erth      ######....   1%          6    #####..
f - Flight                Chrm/Air       #####.....   1%          3    None
g - Recall                Summ/Tloc      N/A          14%         3    None
i - Invisibility          Hex            ######..     1%          6    #####..
j - Summon Butterflies    Summ           ##......     4%          1    None
r - Regeneration          Chrm/Necr      #####.....   1%          3    None
A - Apportation           Tloc           ##........   4%          1    None
B - Blink                 Tloc           N/A          10%         2    None
R - Repel Missiles        Chrm/Air       #####.....   1%          2    None
S - Animate Skeleton      Necr           N/A          4%          1    None


Dungeon Overview and Level Annotations

Branches:
Dungeon (21/27)            Temple (1/1) D:4             Orc (4/4) D:8
    Elf (3/3) Orc:4          Lair (8/8) D:8          Shoals (5/5) Lair:3
 Spider (0/5) Lair:4        Slime (0/6) Lair:8       Vaults (0/5) D:16

Altars:
Ashenzari
Cheibriados
Elyvilon
Fedhas
Kikubaaqudgha
Makhleb
Nemelex Xobeh
Okawaru
Sif Muna
Trog
Vehumet
Xom
Yredelemnul
Zin
the Shining One
Beogh
Jiyva

Shops:
D:5 /   D:9 ?   Orc:4 (*=[   Elf:2 ([

Portals:
Hell: D:21

Annotations:
D:4 Dowan, Duvessa
D:5 exclusion: 2 upstairs
D:12 exclusions: ice statue and silver statue
D:15 idh here
D:17 fuck this floor, Frances
Elf:3 Rupert
Lair:8 fdh here


Innate Abilities, Weirdness & Mutations

You are tiny and cannot use many weapons and most armour.
You have supernaturally acute eyesight.
You are a herbivore.
You cover ground extremely quickly.
You need consume almost no food.


Message History

You swap places.
A deep elf fighter comes into view. It is wielding an elven short sword.
A deep elf conjurer comes into view. It is wielding an elven long sword.
A deep elf fighter, a deep elf high priest and a deep elf annihilator come into view.
Ashenzari warns you: The deep elf fighter is quivering 6 arrows of frost.
The deep elf high priest shouts!
A deep elf annihilator and a deep elf death mage come into view.
A deep elf summoner and a deep elf demonologist come into view.
The deep elf demonologist shouts!
The deep elf high priest invokes the aid of its god against you.
Something smites you!
The deep elf high priest invokes the aid of its god against you.
The hellfire explodes!
The burst of hellfire engulfs you!
The burst of hellfire engulfs your elf skeleton.
The deep elf annihilator mumbles some strange words.
The deep elf annihilator blinks!
The deep elf annihilator points at you and mumbles some strange words.
The iron shot hits you!
Ouch! That really hurt!
You die...

* *#...§.##
*##.,,,,,,,,,, ***
*#eee..##
*##....,,,,,,,,, ,,**
*#.....####.......,,,,***
,,,**
*#ee...#.........,****
,,,,** *#...e........#***
,,,,,** ###..z.....#***
,,,,,,* ##......z.### ,,
,,,**#..........##
,,,,,,,*#######.@...##
,,,,,,,** ##..).%##
,,,,,,,,* ##.....##
,,,,,,,,* ##.....##
,⌠,,,,,,* ##.....##
,,,,,,,,*****### ##.....#
,,,*,,,,,,, ,..#
##.....##
*+**,,,,*****#.###.....##
,,**,,,,* #|##.....##


You could see a deep elf annihilator, a deep elf high priest, a deep elf fighter
and 2 friendly elf skeletons.

Vanquished Creatures
  A kraken (Shoals:5)
  Kirke (D:17)
  Ilsuiw (Shoals:5)
  Maud (D:15)
  A frost giant (D:20)
  2 orc warlords
  Louise (Elf:3)
  Gastronok (Orc:1)
  A stone giant (D:20)
  Jorgrun (Elf:2)
  3 deep elf demonologists
  The ghost of ark the Geomancer, a powerful TrEE of Okawaru (Lair:4)
  A deep elf annihilator (Elf:2)
  A merfolk javelineer (Shoals:5)
  An ettin (D:20)
  3 merfolk impalers (Shoals:5)
  A deep elf death mage (Elf:2)
  6 dragons
  A siren (Shoals:5)
  6 yaktaur captains
  A great orb of eyes (D:20)
  2 merfolk aquamancers (Shoals:5)
  Fannar (Orc:3)
  2 ice dragons
  9 hydras
  3 dancing weapons (D:17)
  Erica (D:13)
  5 death yaks (Lair:8)
  The ghost of MDvedh the Cleaver, a powerful DsMo of Trog (D:11)
  An ogre mage (D:19)
  A very ugly thing (D:17)
  13 centaur warriors
  Erolcha (Orc:1)
  2 orc high priests (Orc:4)
  A spectral elf (Elf:2)
  3 hell knights (D:20)
  4 deep elf knights
  6 skeletal warriors
  A death drake (D:17)
  An iron troll (D:20)
  An unseen horror (D:14)
  A catoblepas (Elf:1)
  11 hill giants
  4 sea snakes
  2 flayed ghosts
  14 harpies
  A necromancer (D:20)
  9 orc knights
  A wizard (D:18)
  3 lindwurms
  A sphinx zombie (D:19)
  Joseph (Orc:2)
  2 wolf spider zombies
  7 griffons
  8 spiny worms
  A stone giant zombie (D:21)
  2 oklob plants
  4 elephants
  An orc sorcerer (Orc:3)
  10 deep elf conjurers
  2 giant amoebae
  A sphinx skeleton (D:18)
  3 stone giant skeletons
  12 cyclopes
  Maurice (D:13)
  2 deep elf summoners
  A red wasp (D:20)
  The ghost of 4tharraofdagon the Cleaver, an experienced NaBe of Trog (D:12)
  6 yaktaurs
  8 spiny frogs
  2 fire drakes
  A red devil (Orc:4)
  5 mermaids
  An iron devil (Orc:4)
  9 deep elf priests
  A polar bear (Lair:8)
  A queen bee (Lair:7)
  Sonja (D:10)
  13 komodo dragons
  2 brown oozes (D:16)
  3 giant leeches (Lair:8)
  16 slime creatures
  A spriggan (D:10)
  13 trolls
  Prince Ribbit (Orc:1)
  4 giant fireflies (Lair:8)
  3 two-headed ogres
  A hydra skeleton (D:13)
  11 blink frogs
  3 basilisks
  A grizzly bear (shapeshifter) (D:19)
  An ice dragon zombie (D:19)
  A slime creature (shapeshifter) (Elf:3)
  6 snapping turtles
  4 shadows
  A trapdoor spider (D:20)
  A dragon skeleton (D:14)
  An ettin skeleton (D:18)
  62 yaks
  32 ugly things
  3 fire elementals (Elf:2)
  4 water elementals
  4 sharks
  13 hippogriffs
  A spiny worm zombie (D:13)
  2 hill giant zombies
  17 deep elf magi
  3 wyverns
  14 deep elf fighters
  Grum (D:9)
  A clay golem (D:19)
  4 hungry ghosts
  3 neqoxecs (D:17)
  17 wolves
  5 wraiths
  6 rock worms
  A steam dragon (Lair:7)
  A hill giant skeleton (D:12)
  Edmund (D:7)
  2 mottled dragons
  5 manticores
  9 vampire mosquitoes
  A human zombie (D:20)
  13 merfolk
  18 hell hounds
  10 porcupines
  A black bear (D:13)
  38 orc warriors
  4 sky beasts
  5 necrophages (D:10)
  A freezing wraith (D:20)
  13 ogres
  A giant goldfish (D:17)
  24 centaurs
  6 ice beasts
  A hill giant simulacrum (D:13)
  7 brain worms
  Sigmund (D:4)
  12 giant frogs
  4 boring beetles
  2 big kobolds
  7 wargs
  2 giant slugs (Lair:2)
  10 water moccasins
  Blork the orc (D:4)
  9 agate snails
  A gnoll sergeant (D:9)
  8 crocodiles
  2 cyclops zombies
  A spiny worm simulacrum (D:20)
  A cyclops skeleton (D:13)
  A hippogriff zombie (D:11)
  A wyvern skeleton (D:14)
  A yak zombie (D:9)
  A boulder beetle zombie (D:17)
  3 jellyfish (D:17)
  3 eyes of draining
  2 elf simulacra (D:17)
  A rock worm zombie (D:14)
  A troll skeleton (D:13)
  14 wights
  A hippogriff skeleton (D:6)
  40 killer bees
  2 fire bats (Volcano)
  6 goliath beetles
  8 crimson imps
  A centaur zombie (D:10)
  A quasit (D:7)
  9 jellies
  A water moccasin zombie (D:7)
  A gnoll shaman (D:6)
  9 spiders (Lair:4)
  Crazy Yiuf (D:6)
  9 hounds
  23 orc priests
  A big fish (D:17)
  3 scorpions
  3 iguanas
  A spider (shapeshifter) (Elf:1)
  24 orc wizards
  6 worker ants
  A big kobold zombie (D:10)
  16 sheep
  Ijyb (D:3)
  An ogre zombie (D:6)
  Terence (D:2)
  A mummy (D:10)
  A worker ant zombie (D:8)
  12 gnolls
  39 green rats
  14 adders
  9 giant centipedes
  A giant centipede (shapeshifter) (D:20)
  3 orc skeletons
  A giant mite (D:5)
  2 inept feature mimics
  17 worms
  A sheep skeleton (D:20)
  4 giant geckos
  152 orcs
  19 bats
  3 giant cockroaches
  25 goblins
  23 hobgoblins
  15 jackals
  12 quokkas
  A ball python (D:4)
  A giant cockroach zombie (D:6)
  A giant gecko skeleton (D:6)
  7 giant newts
  A giant spore (D:8)
  A gnoll skeleton (D:4)
  A goblin zombie (Orc:4)
  6 human simulacra (D:17)
  15 kobolds
  8 orc zombies
  16 rats
  A rat skeleton (D:7)
  3 ballistomycetes
  A bush (Lair:8)
  A fungus (Elf:2)
  A plant (Lair:8)
1355 creatures vanquished.

Vanquished Creatures (collateral kills)
  Margery (D:20)
  A lich (D:19)
  A merfolk javelineer (Shoals:5)
  A merfolk impaler (Shoals:5)
  A siren (Shoals:5)
  2 merfolk aquamancers (Shoals:5)
  2 hell knights (D:20)
  A sea snake (Shoals:5)
  A harpy (D:21)
  A deep elf conjurer (Elf:2)
  A cyclops (D:15)
  A hill giant (D:17)
  3 yaktaurs (D:20)
  An iron devil (Orc:4)
  A spriggan (shapeshifter) (D:17)
  A shadow (D:17)
  3 water elementals
  A fire elemental (Elf:2)
  A vampire mosquito (D:19)
  2 merfolk (Shoals:5)
  2 orc warriors
  A hell hound (D:17)
  2 ogres (D:19)
  A jellyfish (D:17)
  An eye of draining (D:17)
  A quasit (Elf:2)
  2 orc priests
  2 iron imps (Elf:2)
  2 orc wizards
  2 human simulacra (D:17)
  A lemure (Elf:2)
  A white imp (Elf:2)
  20 orcs
  A goblin (Orc:1)
  2 hobgoblins (Orc:1)
  A kobold (D:16)
  A fungus (Orc:4)
  A plant (Shoals:1)
71 creatures vanquished.

Vanquished Creatures (others)
  Azrael (Elf:2)
  An ettin (D:20)
  A deep elf knight (D:17)
  An iron troll (D:20)
  A mermaid (Shoals:5)
  A sea snake skeleton (Shoals:5)
  8 centaur skeletons
  A hydra zombie (D:17)
  A deep elf priest (Elf:2)
  2 human skeletons
  A death drake skeleton (D:17)
  2 two-headed ogres (Volcano)
  A harpy skeleton (Shoals:5)
  A griffon skeleton (Elf:1)
  An ettin skeleton (D:20)
  A deep elf mage (D:17)
  An ice dragon skeleton (D:15)
  2 deep elf fighters (D:17)
  5 hill giant skeletons
  An elf simulacrum (D:17)
  A snapping turtle skeleton (Shoals:5)
  6 merfolk skeletons (Shoals:5)
  A centaur (D:13)
  9 yaktaur skeletons
  5 cyclops skeletons
  7 hell hound skeletons
  A wyvern skeleton (D:18)
  2 killer bees (D:15)
  5 yak skeletons
  A troll skeleton (Orc:4)
  A hippogriff skeleton (D:15)
  4 wolf skeletons
  A basilisk skeleton (Elf:1)
  15 elf skeletons
  4 warg skeletons
  A sheep (D:20)
  2 ogre skeletons
  An ogre simulacrum (D:17)
  7 humans (D:17)
  A worm (D:12)
  2 sheep skeletons (D:15)
  6 human simulacra (D:17)
  A giant spore (D:12)
  4 goblin skeletons (Orc:2)
  49 orc skeletons
  9 fungi
  5 plants
  7 tentacles (Shoals:5)
  107 tentacle segments (Shoals:5)
299 creatures vanquished.

Grand Total: 1725 creatures vanquished

Notes
Turn   | Place    | Note
--------------------------------------------------------------
     0 | D:1      | MirrMurr, the Spriggan Enchanter, began the quest for the Orb.
     0 | D:1      | Reached XP level 1. HP: 9/9 MP: 4/4
   261 | D:1      | Reached skill level 4 in Stealth
   323 | D:1      | Reached XP level 2. HP: 13/13 MP: 4/6
   554 | D:1      | Reached skill level 5 in Stealth
   787 | D:1      | Learned a level 2 spell: Ensorcelled Hibernation
   973 | D:2      | Reached XP level 3. HP: 16/16 MP: 9/9
  1035 | D:2      | Reached skill level 6 in Stealth
  1283 | D:2      | Reached XP level 4. HP: 15/21 MP: 9/11
  1534 | D:2      | Noticed Terence
  1592 | D:2      | Killed Terence
  1592 | D:2      | Reached skill level 7 in Stealth
  2183 | D:3      | Reached XP level 5. HP: 19/24 MP: 10/13
  2813 | D:3      | Reached skill level 8 in Stealth
  2819 | D:3      | Noticed Ijyb
  2822 | D:3      | Killed Ijyb
  3171 | D:4      | Noticed Sigmund
  3171 | D:4      | Noticed Blork the orc
  3173 | D:4      | Killed Blork the orc
  3173 | D:4      | Reached XP level 6. HP: 28/28 MP: 16/16
  3202 | D:4      | Killed Sigmund
  3264 | D:4      | Found a staircase to the Ecumenical Temple.
  3301 | Temple   | Entered the Ecumenical Temple
  3456 | Temple   | Became a worshipper of Ashenzari the Shackled
  3466 | Temple   | Learned a level 3 spell: Confuse
  3728 | D:4      | Noticed Dowan
  3735 | D:4      | Noticed Duvessa
  3996 | D:5      | Entered Level 5 of the Dungeon
  4113 | D:5      | Reached skill level 9 in Stealth
  4255 | D:5      | Reached XP level 7. HP: 32/32 MP: 6/19
  4426 | D:5      | Reached skill level 5 in Short Blades
  4742 | D:5      | Reached skill level 10 in Stealth
  4794 | D:5      | Found Souniujimm's Magical Wand Shop.
  4805 | D:5      | Bought a wand of disintegration (11) for 225 gold pieces
  5185 | D:6      | Reached XP level 8. HP: 36/36 MP: 15/22
  5750 | D:6      | Reached skill level 5 in Hexes
  5899 | D:6      | Noticed Crazy Yiuf
  5909 | D:6      | Killed Crazy Yiuf
  5973 | D:6      | Reached skill level 11 in Stealth
  6061 | D:7      | Reached skill level 5 in Spellcasting
  6193 | D:7      | Noticed Edmund
  6201 | D:7      | Killed Edmund
  6693 | D:8      | Reached XP level 9. HP: 39/39 MP: 25/25
  6819 | D:8      | Reached skill level 12 in Stealth
  6898 | D:8      | Found a staircase to the Lair.
  6899 | D:8      | Noticed an elephant
  6937 | D:8      | Killed an elephant
  7146 | D:8      | Found a staircase to the Orcish Mines.
  7455 | D:8      | Learned a level 6 spell: Invisibility
  7460 | D:8      | Learned a level 4 spell: Dig
  7461 | Lair:1   | Entered Level 1 of the Lair of Beasts
  7558 | Lair:1   | Identified the cursed -2 leather armour of Pride {rC+ Dam-1}
  7618 | Lair:1   | Acquired Ashenzari's first power
  8210 | Lair:2   | Reached skill level 13 in Stealth
  8210 | Lair:2   | Reached skill level 10 in Hexes
  8369 | Lair:2   | Reached XP level 10. HP: 44/44 MP: 8/28
  9037 | Lair:2   | Noticed a five-headed hydra
  9042 | Lair:2   | Killed a five-headed hydra
  9376 | Lair:2   | Reached skill level 14 in Stealth
  9750 | Lair:3   | Reached XP level 11. HP: 47/47 MP: 15/30
  9976 | Lair:3   | Identified the cursed +0 scale mail "Klodu" {rF+ Int+4 Dam-2}
 10466 | Lair:3   | Found a staircase to the Shoals.
 10876 | Lair:4   | Noticed ark's ghost (powerful TrEE)
 10891 | Lair:4   | Killed ark's ghost
 10891 | Lair:4   | Reached skill level 15 in Stealth
 11486 | Lair:4   | Found a dark tunnel.
 11500 | Volcano  | Entered a volcano
 11502 | Volcano  | Acquired Ashenzari's second power
 11870 | Lair:4   | Found a hole to the Spider Nest.
 12490 | Lair:4   | Reached skill level 5 in Shields
 12510 | Lair:5   | Reached skill level 16 in Stealth
 13168 | Lair:6   | Noticed a five-headed hydra
 13197 | Lair:6   | Killed a five-headed hydra
 13197 | Lair:6   | Reached XP level 12. HP: 51/51 MP: 16/31
 13657 | Lair:6   | Reached skill level 17 in Stealth
 14164 | Lair:7   | Acquired Ashenzari's third power
 14224 | Lair:7   | Noticed a seven-headed hydra
 14229 | Lair:7   | Killed a seven-headed hydra
 14724 | Lair:7   | Reached skill level 1 in Evocations
 14760 | Lair:7   | Reached skill level 1 in Earth Magic
 15352 | Lair:8   | Entered Level 8 of the Lair of Beasts
 15352 | Lair:8   | Found a staircase to the Slime Pits.
 15352 | Lair:8   | Found a viscous altar of Jiyva.
 15827 | Lair:8   | Reached skill level 5 in Evocations
 15854 | Lair:8   | Identified the +10,+2 great sword "Banisher" {speed, rF+ rN+ SInv Stlth--}
 15854 | Lair:8   | Identified the +10,+10 mace of Patterns {venom, rPois rN+ MR++ SInv}
 16540 | Lair:8   | Noticed a dragon
 16543 | Lair:8   | Killed a dragon
 16543 | Lair:8   | Reached skill level 18 in Stealth
 16543 | Lair:8   | Reached XP level 13. HP: 55/55 MP: 25/32
 16920 | Lair:8   | Reached skill level 5 in Earth Magic
 17438 | Lair:8   | Reached skill level 19 in Stealth
 17631 | Lair:8   | Reached skill level 20 in Stealth
 18037 | Orc:1    | Entered Level 1 of the Orcish Mines
 18037 | Orc:1    | Noticed Gastronok
 18168 | D:9      | Noticed Grum
 18189 | D:9      | Killed Grum
 18589 | D:9      | Found Souxiosi's Magic Scroll Emporium.
 18822 | D:10     | Entered Level 10 of the Dungeon
 18825 | D:10     | Acquired Ashenzari's fourth power
 18832 | D:10     | Noticed Sonja
 18839 | D:10     | Killed Sonja
 18839 | D:10     | Reached skill level 5 in Dodging
 18930 | D:10     | Learned a level 2 spell: Repel Missiles
 18934 | D:10     | Learned a level 3 spell: Flight
 19416 | D:11     | Noticed MDvedh's ghost (powerful DsMo)
 19509 | D:11     | Killed MDvedh's ghost
 20889 | D:12     | Reached XP level 14. HP: 59/59 MP: 16/33
 20902 | D:12     | Noticed 4tharraofdagon's ghost (experienced NaBe)
 20937 | D:12     | Killed 4tharraofdagon's ghost
 20937 | D:12     | Reached skill level 21 in Stealth
 21224 | D:12     | Learned a level 1 spell: Animate Skeleton
 21395 | D:11     | Reached skill level 10 in Dodging
 21681 | D:12     | Found a basalt altar of Yredelemnul.
 21756 | D:12     | Upgraded the game from 0.13.0-21-ge43020b to 0.13.0-25-g43d4df3
 21985 | D:13     | Identified a scroll of acquirement
 22047 | D:13     | Reached skill level 1 in Charms
 22172 | Lair:2   | Learned a level 3 spell: Regeneration
 22179 | Lair:2   | Learned a level 6 spell: Iron Shot
 22324 | D:13     | Noticed Erica
 22333 | D:13     | Killed Erica
 22370 | D:13     | Noticed Maurice
 22373 | D:13     | Killed Maurice
 22373 | D:13     | Identified a cloak of preservation (You took it off Maurice on level 13 of the Dungeon)
 23089 | D:13     | Reached skill level 5 in Charms
 23116 | D:14     | Entered Level 14 of the Dungeon
 24042 | D:15     | Entered Level 15 of the Dungeon
 24069 | D:15     | Reached skill level 10 in Spellcasting
 24308 | D:15     | Noticed Maud
 24317 | D:15     | Killed Maud
 24332 | D:15     | Found a frozen archway.
 25019 | D:15     | Your ally Maud died
 25747 | D:16     | Reached skill level 10 in Charms
 25853 | D:16     | Found a staircase to the Vaults.
 26300 | D:16     | Found a viscous altar of Jiyva.
 26515 | D:16     | Reached skill level 22 in Stealth
 26635 | Orc:1    | Killed Gastronok
 26635 | Orc:1    | Reached XP level 15. HP: 63/63 MP: 25/36
 26696 | Orc:1    | Found a roughly hewn altar of Beogh.
 26696 | Orc:1    | Noticed an orc warlord
 26746 | Orc:1    | Killed an orc warlord
 27032 | Orc:1    | Found an iron altar of Okawaru.
 27134 | Orc:1    | Noticed Erolcha
 27191 | Orc:1    | Killed Erolcha
 27221 | Orc:1    | Noticed Prince Ribbit
 27231 | Orc:1    | Killed Prince Ribbit
 27621 | Orc:2    | Noticed Joseph
 27626 | Orc:2    | Killed Joseph
 28875 | Orc:3    | Noticed Fannar
 28885 | Orc:3    | Killed Fannar
 29999 | Orc:4    | Entered Level 4 of the Orcish Mines
 29999 | Orc:4    | Found Meneabek's Antique Armour Emporium.
 30003 | Orc:4    | Found a staircase to the Elven Halls.
 30549 | Orc:4    | Reached skill level 1 in Conjurations
 30770 | Orc:4    | Found Uphaam's General Store.
 31266 | Orc:4    | Found Hyceddej's Jewellery Shoppe.
 31638 | Orc:4    | Bought a bread ration for 64 gold pieces
 31638 | Orc:4    | Bought a scroll of recharging for 88 gold pieces
 31638 | Orc:4    | Bought a scroll of fear for 56 gold pieces
 31638 | Orc:4    | Bought a scroll of teleportation for 48 gold pieces
 31755 | Orc:4    | Found Inic Jol's Antique Weapon Shoppe.
 31810 | Orc:4    | Bought the ring "Psoeloew" {rC+ rN+ Dex+1} for 324 gold pieces
 31827 | Orc:4    | Bought a scroll of curse jewellery for 32 gold pieces
 32018 | Shoals:1 | Entered Level 1 of the Shoals
 32476 | Shoals:5 | Entered Level 5 of the Shoals
 32539 | Shoals:5 | Noticed Ilsuiw
 32552 | Shoals:5 | Killed Ilsuiw
 33190 | Shoals:5 | Noticed a kraken
 33246 | Shoals:5 | Reached skill level 23 in Stealth
 33255 | Shoals:5 | Reached skill level 5 in Conjurations
 33432 | Shoals:5 | Killed a kraken
 33432 | Shoals:5 | Reached XP level 16. HP: 57/67 MP: 26/38
 33439 | Shoals:5 | Got a barnacled rune of Zot
 33757 | Lair:2   | Learned a level 5 spell: Bolt of Magma
 34474 | D:17     | Noticed Kirke
 34501 | D:17     | Killed Kirke
 34835 | D:17     | Learned a level 1 spell: Apportation
 34838 | D:17     | Learned a level 2 spell: Blink
 34840 | D:17     | Learned a level 1 spell: Summon Butterflies
 34999 | D:17     | Noticed a lich
 35371 | D:17     | Noticed Frances
 37622 | D:19     | Found a viscous altar of Jiyva.
 38027 | D:20     | Entered Level 20 of the Dungeon
 38027 | D:20     | Noticed a lich
 38051 | D:19     | Killed a lich
 38090 | D:20     | HP: 1/67 [ettin/great mace (30)]
 38930 | D:20     | Noticed Margery
 39575 | D:20     | Reached XP level 17. HP: 58/70 MP: 36/39
 39965 | D:20     | Killed Margery
 39965 | D:20     | Reached skill level 24 in Stealth
 40216 | D:21     | Reached XP level 18. HP: 74/74 MP: 38/40
 40453 | D:21     | Found a gateway to Hell.
 40899 | Elf:1    | Entered Level 1 of the Elven Halls
 40972 | Elf:1    | Identified the +8 chain mail of Lumei {+Fly rF+}
 41829 | Lair:2   | Identified the cursed -5 cloak "Pazo Heng" {rF++ rN+ SInv} (You acquired it on level 2 of the Lair of Beasts)
 41835 | Lair:2   | Learned a level 3 spell: Recall
 42565 | Elf:2    | Noticed Jorgrun
 42567 | Elf:2    | Killed Jorgrun
 42577 | Elf:2    | Noticed Azrael
 42583 | Elf:2    | Killed Azrael
 42753 | Elf:2    | Found Veicad's Antique Weapon Emporium.
 42765 | Elf:2    | Found Faorch's Armour Boutique.
 42768 | Elf:2    | Bought an ichor-stained scimitar for 256 gold pieces
 42768 | Elf:2    | Identified the cursed -2,+2 scimitar of the Scavenger {flame, rPois} (You bought it in a shop on level 2 of the Elven Halls)
 43287 | Elf:2    | Reached skill level 10 in Earth Magic
 43858 | Elf:3    | Entered Level 3 of the Elven Halls
 44123 | Elf:3    | Noticed Louise
 44127 | Elf:3    | Killed Louise
 44260 | Elf:3    | Noticed Rupert
 44330 | Elf:3    | Identified a -2 rod of the swarm (9/9)
 44366 | Elf:3    | Killed from afar by a deep elf annihilator

Action                   |  1- 3 |  4- 6 |  7- 9 | 10-12 | 13-15 | 16-18 || total
-------------------------+-------+-------+-------+-------+-------+-------++-------
Melee: Dagger            |   144 |   200 |   367 |   603 |  1582 |   758 ||  3654
Throw: Dart              |     3 |       |     1 |       |       |       ||     4
 Cast: Corona            |     1 |       |       |       |       |       ||     1
       Ensorcelled Hiber |     3 |    21 |    82 |   201 |   199 |   158 ||   664
       Confuse           |       |     3 |    15 |     4 |    86 |    62 ||   170
       Invisibility      |       |       |       |     7 |    38 |    28 ||    73
       Dig               |       |       |       |       |     2 |    14 ||    16
       Animate Skeleton  |       |       |       |       |   182 |   102 ||   284
       Repel Missiles    |       |       |       |       |     5 |     3 ||     8
       Regeneration      |       |       |       |       |     5 |     4 ||     9
       Flight            |       |       |       |       |    16 |     7 ||    23
       Bolt of Magma     |       |       |       |       |       |    13 ||    13
       Apportation       |       |       |       |       |       |     1 ||     1
       Iron Shot         |       |       |       |       |       |    11 ||    11
       Recall            |       |       |       |       |       |     4 ||     4
       Blink             |       |       |       |       |       |     2 ||     2
Invok: Scrying           |       |       |       |       |     1 |     1 ||     2
Evoke: Wand              |       |       |     3 |    22 |     9 |       ||    34
  Use: Potion            |     1 |       |       |     1 |     6 |     3 ||    11
       Scroll            |       |     9 |    17 |     6 |    30 |     8 ||    70
 Stab: Sleeping          |    11 |    24 |    72 |   179 |   313 |   177 ||   776
       Confused          |       |     1 |    12 |     1 |    39 |    33 ||    86
       Invisible         |       |       |       |    39 |   141 |    96 ||   276
       Distracted        |       |       |       |     1 |    10 |     6 ||    17
